 Dungeon Crawl Stone Soup version 0.17-a0-1738-g82cdc46 (webtiles) character file.

245 kae the Slasher (level 6, -7/42 HPs)
             Began as a Formicid Fighter on Aug 30, 2015.
             Killed from afar by an orc wizard (10 damage)
             ... with a magic dart
             ... on level 4 of the Dungeon.
             The game lasted 00:03:19 (2883 turns).

kae the Slasher (Formicid Fighter)                  Turns: 2883, Time: 00:03:19

Health: -7/42      AC:  3    Str: 27      XL:     6   Next: 32%
Magic:  6/6        EV:  8    Int: 13      God:
Gold:   152        SH: 10    Dex:  9 (10) Spells: 0 memorised, 5 levels left

rFire  . . .     SeeInvis +     a - +0 long sword
rCold  + . .     Clarity  .     b - +0 scale mail
rNeg   . . .     SustAt   .     c - +0 shield
rPois  .         Gourm    .     (helmet unavailable)
rElec  .         Spirit   .     (no cloak)
rCorr  .         Warding  .     (no gloves)
rMut   .         Stasis   +     (no boots)
MR     .....                    h - amulet of regeneration
Stlth  ..........               (no ring)
                                (no ring)

@: mighty, brilliant, not resistant to hostile enchantments, extremely
unstealthy
A: permanent stasis, dig shafts and tunnels, four strong arms, antennae 3, cold
resistance 1, deformed body, frail 1
a: Dig, Shaft Self


You were on level 4 of the Dungeon.
You were hungry.

You visited 1 branch of the dungeon, and saw 4 of its levels.

You collected 152 gold pieces.

Inventory:

Hand weapons
 a - a +0 long sword (weapon)
Armour
 b - a +0 scale mail (worn)
 c - a +0 shield (worn)
Jewellery
 h - an amulet of regeneration (around neck)
 o - an uncursed ring of magical power {unknown}
Scrolls
 g - a scroll of teleportation {unknown}
 j - a scroll of recharging {unknown}
 n - 2 scrolls of remove curse
 p - 2 scrolls of identify {unknown}
Comestibles
 e - a bread ration
 i - a royal jelly
 q - a meat ration


   Skills:
 - Level 3.2 Fighting
 + Level 6.2 Long Blades
 - Level 3.2 Armour
 - Level 3.6 Shields


You had 5 spell levels left.
You didn't know any spells.

Dungeon Overview and Level Annotations

Branches:
Dungeon (4/15)
 Temple: D:4-7

Altars:


Innate Abilities, Weirdness & Mutations

You are under a permanent stasis effect.
You can dig through walls and to a lower floor.
Your four strong arms can wield two-handed weapons with a shield.
You have a pair of large antennae on your head (SInv).
Your flesh is cold resistant.
Armour fits poorly on your strangely shaped body.
You are frail (-10% HP).


Message History

The orc wizard casts a spell at you. The puff of flame hits you!
* * * LOW HITPOINT WARNING * * *
The orc hits you with a dagger.
* * * LOW HITPOINT WARNING * * *
Unknown command.
You barely miss the orc.
The orc is moderately wounded.
You block the orc wizard's attack. The orc hits you with a dagger.
* * * LOW HITPOINT WARNING * * *
Unknown command.
You barely miss the orc.
The orc is moderately wounded.
The orc wizard miscasts a cantrip.
You block the orc's attack.
You hit the orc.
You kill the orc!
The orc wizard casts a spell at you. The magic dart hits you!
You die...

.##. .## #...
#..# #...#
#...##
#....###......
#...........#
##..........#
......))...#
...!..o@)..#
..........##
.######..##
##$# #. .# .#
.#


You could see an orc wizard.

Vanquished Creatures
  An orc priest (D:4)
  An orc wizard (D:3)
  6 adders
  4 gnolls
  An ooze (D:3)
  5 worms (D:2)
  2 giant geckos
  9 orcs
  8 bats
  3 giant cockroaches
  6 hobgoblins
  2 jackals (D:3)
  10 kobolds
  2 quokkas (D:2)
  2 ball pythons
  6 giant newts
  6 goblins
  7 rats
81 creatures vanquished.

Notes
Turn   | Place    | Note
--------------------------------------------------------------
     0 | D:1      | kae the Formicid Fighter began the quest for the Orb.
     0 | D:1      | Reached XP level 1. HP: 18/18 MP: 1/1
   211 | D:1      | Reached XP level 2. HP: 20/24 MP: 2/2
   623 | D:1      | Reached XP level 3. HP: 29/29 MP: 3/3
  1350 | D:2      | Reached skill level 4 in Long Blades
  1350 | D:2      | Reached XP level 4. HP: 15/35 MP: 4/4
  1978 | D:3      | Reached XP level 5. HP: 41/41 MP: 5/5
  2030 | D:3      | Reached skill level 5 in Long Blades
  2429 | D:3      | Reached XP level 6. HP: 28/47 MP: 6/6
  2872 | D:4      | Gained mutation: You are frail (-10% HP). [potion of mutation]
  2872 | D:4      | Gained mutation: Armour fits poorly on your strangely shaped body. [potion of mutation]
  2872 | D:4      | Gained mutation: Your flesh is cold resistant. [potion of mutation]
  2878 | D:4      | Reached skill level 6 in Long Blades
  2881 | D:4      | HP: 2/42 [orc/dagger (2)]
  2883 | D:4      | Killed from afar by an orc wizard

Vault maps used:
D:1:      dpeg_arrival_pond, nrook_loot_triangle, minmay_misc_feat_five,
          serial_bayou_crossing
D:2:      minmay_surrounded
D:3:      hangedman_decor_growths
D:4:      minmay_temple_entry_nine_rooms, first_bread

Action                   |  1- 3 |  4- 6 || total
-------------------------+-------+-------++-------
Melee: Long sword        |   123 |   264 ||   387
  Use: Potion            |     2 |     4 ||     6
       Scroll            |     2 |       ||     2
  Eat: Chunk             |       |     8 ||     8
